 Dungeon Crawl Stone Soup version 0.30-b1-2-g02819fbbbe (webtiles) character file.

Game seed: 6422914287194736707

1 sanka the Magician (level 1, -1/17 HPs)
             Began as a Djinni Hexslinger on May 18, 2023.
             Frozen to death by an endoplasm (7 damage)
             ... on level 1 of the Dungeon.
             The game lasted 00:00:17 (34 turns).

sanka the Magician (Djinni Hexslinger)                Turns: 34, Time: 00:00:17

Health: -1/17      AC:  2    Str:  9    XL:     1   Next: 22%
Gold:   0          EV: 12    Int: 14    God:
                   SH:  0    Dex: 13

rFire   + + .        a - +1 sling
rCold   x . .        (no shield)
rNeg    . . .        c - +0 robe
rPois   ∞            (no helmet)
rElec   .            (no cloak)
rCorr   .            (no gloves)
SInv    .            (boots unavailable)
Will    .....        (no amulet)
Stlth   +            (no ring)
HPRegen 0.22/turn    (no ring)
MPRegen 0.00/turn

%: infuse magic (-2 HP)
@: flying
A: sickness immunity, fire resistance 2, cold vulnerability 1, float, innate
caster, HP casting, extra vitality 1
a: no special abilities


You were on level 1 of the Dungeon.
You visited 1 branch of the dungeon, and saw 1 of its levels.

Inventory:

Hand Weapons
 a - a +1 sling (weapon)
Armour
 c - a +0 robe (worn)
Scrolls
 b - a scroll of poison


   Skills:
 - Level 1.0 Fighting
 - Level 1.5 Ranged Weapons
 - Level 2.1 Dodging
 + Level 2.4 Spellcasting


You knew the following spells:

 Your Spells              Type           Power      Damage    Failure   Level
a - Slow                  Hex            32%        N/A       9%          1
b - Inner Flame           Hex/Fire       8%         N/A       24%         3
c - Portal Projectile     Hex/Tloc       16%        N/A       24%         3
d - Cause Fear            Hex            4%         N/A       63%         4
Your spell library was empty.

Dungeon Overview and Level Annotations

Branches:
Dungeon (1/15)

Altars:


Innate Abilities, Weirdness & Mutations

You are immune to sickness and miasma.
You are immune to poison.
Your flesh is very heat resistant. (rF++)
You are vulnerable to cold. (rC-)
You float through the air rather than walking.
You learn spells naturally, not from books.
Your magical power is your life essence.
You have superior vitality. (+4 MHP)


Message History

You shoot a sling bullet.
The sling bullet closely misses the hobgoblin.
The endoplasm barely misses you. The hobgoblin barely misses you.
A kobold comes into view. It is wielding a +0 club.
You shoot a sling bullet. The sling bullet hits the hobgoblin.
The hobgoblin is moderately wounded.
The endoplasm freezes you.
You are frozen!
You feel a terrible chill! The hobgoblin barely misses you.
You shoot a sling bullet.
The sling bullet closely misses the hobgoblin.
The hobgoblin hits you. The endoplasm hits you. The ball python bites you.
The ball python closely misses you.
You are too injured to fight recklessly!
You are too injured to fight recklessly!
Unknown command.
The ball python attacks as you move away!
The ball python bites you.
* * * LOW HITPOINT WARNING * * *
The ball python attacks as you move away!
The ball python barely misses you. The hobgoblin attacks as you move away!
The hobgoblin barely misses you. The endoplasm attacks as you move away!
The endoplasm closely misses you.
You see here a +0 dagger.
The ball python barely misses you. x2
The ball python attacks as you move away!
The ball python bites you.
* * * LOW HITPOINT WARNING * * *
The ball python closely misses you. x2; The ball python misses you.
There is an open door here.
You are too injured to fight recklessly!
You are too injured to fight recklessly!
You are too injured to fight recklessly!
You shoot a sling bullet. The sling bullet hits the endoplasm.
The endoplasm is moderately wounded.
The endoplasm hits you but does no damage. x2
You shoot a sling bullet. The sling bullet hits the endoplasm.
The endoplasm is severely wounded.
The endoplasm freezes you.
You are frozen!
You feel a terrible chill!
You die...

##.....########
+..8.8..'.....#
##.....########
#.....# #.8.8.#
#....[# ##.
#.....# ..
#.8.8.#### ..
###@###.. .
#J#).# .##
#r#.)###..#
#gS.....#!#
#####.....#
##..#..# ##.#
..# .K. . ....


You could see an endoplasm, a hobgoblin, a ball python and a rat.

Vanquished Creatures
  A goblin (D:1)
1 creature vanquished.

Notes
Turn   | Place    | Note
-------+----------+-------------------------------------------
     0 | D:1      | sanka the Djinni Hexslinger began the quest for the Orb.
     0 | D:1      | sanka set off with the following spells memorised: Slow,
                  | Inner Flame, Portal Projectile, Cause Fear.
     0 | D:1      | Reached XP level 1. HP: 17/17 MP: 0/0
    34 | D:1      | Frozen to death by an endoplasm

Illustrated notes

Levels and vault maps discovered:
D:1:      elethiomel_arrival_quiet, layout_rooms, amcnicky_mini_pool_small

Action                     || total
---------------------------++-------
   Fire: Sling             ||     8
 Armour: Robe              ||     2
  Dodge: Dodged            ||    12
